 Dungeon Crawl Stone Soup version 0.25-a0-578-gc91f01c39c (webtiles) character file.

Game seed: 17170025088231484867, levelgen mode: deterministic

312 Forecaster the Magician (level 6, 0/51 HPs)
             Began as a Naga Wizard on Mar 5, 2020.
             Slain by a hell rat (5 damage)
             ... on level 5 of the Dungeon.
             The game lasted 00:23:16 (4859 turns).

Forecaster the Magician (Naga Wizard)               Turns: 4859, Time: 00:23:18

Health: 0/51       AC:  4    Str: 11    XL:     6   Next: 42%
Magic:  0/12       EV:  9    Int: 18    God:
Gold:   173        SH:  0    Dex: 15    Spells: 9/14 levels left

rFire    . . .     SeeInvis +   e - +4 dagger
rCold    . . .     Gourm    .   (no shield)
rNeg     . . .     Faith    .   G - +0 leather armour
rPois    +         Spirit   +   b - +0 hat
rElec    .         Reflect  .   C - scarf {Spirit}
rCorr    .         Harm     .   v - +0 pair of gloves
MR       .....                  (no barding)
Stlth    +++.......             (no amulet)
HPRegen  0.17/turn              i - +5 ring of dexterity
MPRegen  0.13/turn              D - ring of stealth

@: about to teleport, drained, very slow
A: large, see invisible, deformed body, poison resistance, slowness 2, slow
metabolism 1, spit poison 1, AC +2
a: Spit Poison


You were on level 5 of the Dungeon.
You were not hungry.

You visited 1 branch of the dungeon, and saw 5 of its levels.

You collected 173 gold pieces.

Inventory:

Hand Weapons
 e - a +4 dagger (weapon)
 o - a +2 vorpal falchion
 y - a +0 club of chaos
 z - a +2 spear of chaos
 B - a +1 dagger of chaos
 J - a +2 quarterstaff of chaos
 L - a +0 shortbow
Missiles
 c - 189 stones (quivered)
 l - 33 sling bullets
 A - 18 poisoned darts
 M - 12 arrows
Armour
 a - a +0 robe
 b - a +0 hat (worn)
 g - a +0 leather armour
 q - a +0 robe
 s - a +0 robe
 v - a +0 pair of gloves (worn)
 C - a scarf of spirit shield (worn)
 G - a +0 leather armour (worn)
Jewellery
 i - a +5 ring of dexterity (left hand)
 D - a ring of stealth (right hand)
Wands
 K - a wand of iceblast (6)
Scrolls
 h - 3 scrolls of remove curse
 j - a scroll of identify
 t - 2 scrolls of magic mapping {unknown}
 x - a scroll of blinking {unknown}
 E - a scroll of amnesia {unknown}
Potions
 f - a potion of cancellation
 k - 2 potions of flight
 m - a potion of stabbing {unknown}
 n - 3 potions of invisibility {unknown}
 p - a potion of ambrosia {unknown}
 r - a potion of might {unknown}
 u - a potion of haste {unknown}
 w - 2 potions of curing
 F - a potion of heal wounds {unknown}
Comestibles
 d - 6 rations
 I - a chunk of flesh


   Skills:
 + Level 1.1(0.4) Fighting
 + Level 2.1(1.4) Short Blades
 + Level 1.3(0.6) Armour
 + Level 1.9(1.2) Dodging
 + Level 4.1(3.3) Stealth
 + Level 4.5(3.7) Spellcasting
 + Level 1.3(0.6) Conjurations
 + Level 2.5(1.7) Summonings
 + Level 1.0(0.3) Translocations


You had 9 spell levels left.
You knew the following spells:

 Your Spells              Type           Power        Failure   Level  Hunger
a - Magic Dart            Conj           #...         16%         1    None
b - Call Imp              Summ           #.......     14%         2    ##.....
c - Blink                 Tloc           N/A          26%         2    ##.....

Your spell library contained the following spells:

 Spells                   Type           Power        Failure   Level  Hunger
 Slow                     Hex            #.......     30%         2    ##.....
 Conjure Flame            Conj/Fire      #.......     45%         3    ###....
 Mephitic Cloud           Conj/Pois/Air  #.......     50%         3    ###....


Dungeon Overview and Level Annotations

Branches:
Dungeon (5/15)
 Temple: D:4-7

Altars:
Ashenzari
Xom
The Shining One

Annotations:
D:5 Duvessa


Innate Abilities, Weirdness & Mutations

You cannot wear boots.
Your serpentine skin is tough. (AC +2)
You have supernaturally acute eyesight. (SInv)
Armour fits poorly on your strangely shaped body.
Your system is resistant to poisons. (rPois)
You cover ground very slowly.
You have a slow metabolism.
You can spit poison.


Message History

Your shadow imp closely misses the hell rat.
The hell rat closely misses you.
Casting: Call Imp (safe; 14% risk of failure)
Confirm with . or Enter, or press ? or * to list all spells.
A beastly little devil appears in a puff of flame.
Your shadow imp barely misses the hell rat.
The hell rat closely misses you.
You swap places.
Your shadow imp barely misses the hell rat.
Your crimson imp hits the hell rat but does no damage.
The hell rat bites you!
* * * LOW HITPOINT WARNING * * *
A hell rat comes into view.
As you read the scroll of teleportation, it crumbles to dust.
You feel strangely unstable.
Your shadow imp barely misses the hell rat.
The river rat barely misses your shadow imp. x2
Your crimson imp hits the hell rat but does no damage.
The hell rat bites you.
You die...

#########
#rrr5r@†###
#...#r.5##÷.#
. #r#######.#


.rr #.# #.r# #.# #... ## ###. # You could see 2 hell rats, 3 river rats, 2 rats,
a friendly crimson imp and a friendly shadow imp.

Vanquished Creatures
  A hound (D:4)
  An orc wizard (D:4)
  2 worker ants (D:5)
  An adder (D:4)
  An ooze (D:3)
  An adder zombie (D:2)
  2 leopard geckos
  4 orcs
  6 bats
  A bat zombie (D:2)
  A giant cockroach (D:3)
  8 goblins
  10 hobgoblins
  9 kobolds
  A quokka (D:2)
  5 frilled lizards
  2 jackal zombies (D:2)
  8 rats
64 creatures vanquished.

Vanquished Creatures (collateral kills)
  A centaur (D:5)
  An orc priest (D:4)
  Crazy Yiuf (D:4)
  An iguana (D:4)
  Terence (D:2)
  An adder skeleton (D:2)
  2 worms (D:2)
  A dart slug (D:2)
  A leopard gecko (D:4)
  2 orcs (D:4)
  A bat (D:3)
  A giant cockroach (D:2)
  2 goblins
  A hobgoblin (D:2)
  A quokka (D:2)
  A kobold (D:3)
  A leopard gecko skeleton (D:2)
  A quokka zombie (D:2)
  3 rats
24 creatures vanquished.

Grand Total: 88 creatures vanquished

Notes
Turn   | Place    | Note
-------+----------+-------------------------------------------
     0 | D:1      | Forecaster the Naga Wizard began the quest for the Orb.
     0 | D:1      | Reached XP level 1. HP: 15/15 MP: 4/4
   206 | D:1      | Reached XP level 2. HP: 22/22 MP: 3/6
   211 | D:1      | Learned a level 2 spell: Call Imp
   214 | D:1      | Learned a level 2 spell: Blink
   892 | D:2      | Reached XP level 3. HP: 28/28 MP: 6/8
   963 | D:2      | Noticed Terence
  1263 | D:2      | Killed Terence
  1263 | D:2      | Reached skill level 1 in Armour
  1754 | D:2      | Reached XP level 4. HP: 27/36 MP: 9/9
  2470 | D:3      | Found a shattered altar of Ashenzari.
  3070 | D:3      | Found a shimmering altar of Xom.
  3445 | D:4      | Reached skill level 1 in Short Blades
  3445 | D:4      | Reached XP level 5. HP: 22/43 MP: 2/10
  3547 | D:4      | Found a runed translucent door.
  3548 | D:4      | Noticed Crazy Yiuf
  4154 | D:4      | Found a glowing golden altar of the Shining One.
  4465 | D:4      | Killed Crazy Yiuf
  4465 | D:4      | Reached skill level 1 in Fighting
  4465 | D:4      | Reached XP level 6. HP: 51/51 MP: 0/12
  4493 | D:5      | Entered Level 5 of the Dungeon
  4661 | D:5      | Noticed Duvessa
  4859 | D:5      | Slain by a hell rat

Levels and vault maps discovered:
D:1:      shiori_arrival_elements, layout_basic
D:2:      layout_loops_corners, serial_undead, serial_undead_b, serial_undead_c,
          serial_undead_b, serial_undead_b, serial_undead_c, serial_undead_b,
          serial_undead_d, serial_undead_d, uniq_terence
D:3:      minmay_recursive_quarters, layout_loops_ring,
          nicolae_overflow_crystal_walls, first_ration, tgw_xom
D:4:      wad_pebble_path, layout_basic, tso_altar, uniq_crazy_yiuf_cottage
D:5:      wander_guarded_unrand_ratskin, layout_basic,
          chequers_decorated_corner, uniq_grinder, uniq_menkaure,
          uniq_eustachio, uniq_duvessa, uniq_edmund

Skill      XL: |  1  2  3  4  5  6 |
---------------+-------------------+-----
Armour         | 1 |  1.3
Short Blades   | 1 2 |  2.1
Stealth        | 4 |  4.1
Spellcasting   | 4 |  4.5
Summonings     | 2 |  2.5
Fighting       | 1 |  1.1
Dodging        | |  1.9
Conjurations   | |  1.3
Translocations | |  1.0

Action                   |  1- 3 |  4- 6 || total
-------------------------+-------+-------++-------
Melee: Dagger            |    66 |   116 ||   182
 Cast: Magic Dart        |    39 |    40 ||    79
       Call Imp          |    15 |    39 ||    54
  Use: Scroll            |     3 |     8 ||    11
 Stab: Sleeping          |     1 |     3 ||     4
       Distracted        |       |     2 ||     2
  Eat: Chunk             |     2 |     6 ||     8
       Ration            |       |     1 ||     1
Armor: Leather armour    |     8 |    10 ||    18
       Robe              |     1 |    13 ||    14
Dodge: Dodged            |    24 |    59 ||    83

Table legend:
 A = Non-vault XP
 B = Vault XP
 C = Vault XP percentage of total XP
 D = Non-vault monster count
 E = Vault monster count
 F = Vault count percentage of total count
                 A         B        C        D         E       F
            +---------+---------+-------+---------+---------+-------
      Total |     373 |      73 |  16.4 |      67 |      21 |  23.9
            +---------+---------+-------+---------+---------+-------
        D:1 |      29 |       0 |   0.0 |      16 |       0 |   0.0
        D:2 |      30 |      31 |  50.8 |      19 |       8 |  29.6
        D:3 |      36 |      18 |  33.3 |      20 |       8 |  28.6
        D:4 |     162 |      20 |  11.0 |       9 |       1 |  10.0
        D:5 |     116 |       4 |   3.3 |       3 |       4 |  57.1
            +---------+---------+-------+---------+---------+-------
